 Dungeon Crawl Stone Soup version 0.30-a0-726-gd89dcf765f (webtiles) character file.

Game seed: 2620270904677261627

809 ragingrage the Carver (level 7, -10/51 HPs)
             Began as a Barachi Warper on Jan 29, 2023.
             Mangled by an ogre
             ... wielding a +0 giant club
              (21 damage)
             ... on level 5 of the Dungeon.
             The game lasted 00:09:18 (3089 turns).

ragingrage the Carver (Barachi Warper)              Turns: 3089, Time: 00:09:18

Health: -10/51     AC:  8    Str: 12    XL:     7   Next: 92%
Magic:  10/10      EV: 12    Int: 13    God:
Gold:   170        SH:  0    Dex: 14    Spells: 2/10 levels left

rFire   . . .      SeeInvis .    a - +2 short sword (venom)
rCold   . . .      Faith    .    (no shield)
rNeg    . . .      Spirit   .    u - +0 leather armour
rPois   .          Reflect  .    (no helmet)
rElec   .          Harm     .    (no cloak)
rCorr   .          Rampage  .    (no gloves)
Will    .....                    e - +0 pair of boots
Stlth   ++                       (no amulet)
HPRegen 0.28/turn                j - +4 ring of protection
MPRegen 0.12/turn                (no ring)

@: unable to hop, invisible, slow
A: amphibious, slowness 1, strong legs 1, +LOS
a: Hop


You were on level 5 of the Dungeon.
You visited 1 branch of the dungeon, and saw 5 of its levels.

You collected 170 gold pieces.

Inventory:

Hand Weapons
 a - a +2 short sword of venom (weapon)
 b - a +0 shortbow
 g - a +0 falchion
 n - a +3 halberd
Missiles
 d - 2 boomerangs of dispersal (quivered)
 r - 4 poisoned darts
 v - a throwing net
Armour
 e - a +0 pair of boots (worn)
 h - a +0 buckler
 u - a +0 leather armour (worn)
Jewellery
 j - a +4 ring of protection (left hand)
Wands
 x - a wand of mindburst (6)
Scrolls
 c - a scroll of blinking
 f - 2 scrolls of identify
 k - a scroll of fog
 l - a scroll of torment {unknown}
 o - a scroll of teleportation {unknown}
 q - a scroll of immolation {unknown}
 w - a scroll of magic mapping {unknown}
Potions
 i - 2 potions of mutation
 p - a potion of flight
 s - a potion of degeneration


   Skills:
 - Level 2.4 Fighting
 + Level 9.8 Long Blades
 - Level 1.0 Throwing
 - Level 1.2 Armour
 - Level 2.1 Dodging
 - Level 3.0 Stealth
 - Level 2.1 Spellcasting
 - Level 3.2 Translocations


You had 2 spell levels left.
You knew the following spells:

 Your Spells              Type           Power      Damage    Failure   Level
a - Blink                 Tloc           18%        N/A       12%         2
b - Lesser Beckoning      Tloc           18%        N/A       12%         2
c - Manifold Assault      Tloc           9%         N/A       63%         4

Your spell library contained the following spells:

 Spells                   Type           Power      Damage    Failure   Level
 Sublimation of Blood     Necr           1%         N/A       43%         2
 Wereblood                Tmut           1%         N/A       43%         2
 Teleport Other           Tloc           9%         N/A       24%         3
 Vhi's Electric Charge    Tloc/Air       10%        N/A       43%         3
 Animate Dead             Necr           1%         N/A       97%         4
 Dispel Undead            Necr           1%         3d6       97%         4
 Summon Ice Beast         Ice/Summ       1%         N/A       97%         4
 Summon Hydra             Summ           0%         N/A       100%        7


Dungeon Overview and Level Annotations

Branches:
Dungeon (5/15)
 Temple: D:4-7

Altars:

Shops:
D:3 (   D:4 !

Annotations:
D:3 3 runed translucent doors, mistaj's ghost, amateur VSFi
D:4 Blork the orc


Innate Abilities, Weirdness & Mutations

You are amphibious.
You cover ground slowly.
You can hop short distances.
You have an extended range of vision and can be seen from far away.


Message History

Unknown command.
You hit the gnoll bouda.
The gnoll bouda is heavily wounded.
The gnoll bouda hits you with a +0 club.
* * * LOW HITPOINT WARNING * * *
Okay, then.
You hit the gnoll bouda.
You punch the gnoll bouda, but do no damage.
The gnoll bouda is heavily wounded.
You hit the gnoll bouda but do no damage.
The gnoll bouda looks even sicker.
The gnoll bouda is heavily wounded.
The gnoll bouda hits you with a +0 club.
* * * LOW HITPOINT WARNING * * *
You hit the gnoll bouda but do no damage.
The gnoll bouda looks as sick as possible!
The gnoll bouda is heavily wounded.
The gnoll bouda hits you with a +0 club.
* * * LOW HITPOINT WARNING * * *
You feel better.
The gnoll bouda hits you with a +0 club.
* * * LOW HITPOINT WARNING * * *
Things that are here:
a +0 rapier; a +2 leather armour of willpower Hop to where?
Press: ? - help, Dir - move target Boing!
You feel a bit more experienced.
Your attacks no longer feel as feeble.
Throw: 3 boomerangs (disperse)
Press: ? - help, Q - select action, (/) - cycle Shift-Dir - straight line, f - ogre
Aim: an ogre, wielding a +0 giant club (74% to hit)
You throw a boomerang of dispersal.
The boomerang of dispersal completely misses the ogre.
The ogre hits you with a +0 giant club!
* * * LOW HITPOINT WARNING * * *
You hit the ogre.
The ogre is poisoned.
The ogre is lightly wounded.
You fade into invisibility!
The ogre hits you with a +0 giant club!!
You die...

##..#####....##.......#.[...#
#.............#....####..##.
#..#########..###..## .##
#........###....# .
..######......... #### #.
##........... ...( #
#...###.###.### ###...5
#)###.###.###O###O#....
#..#.#@#O#.#.#.#.#....#
#..#.#O#.#O#.#.#g#.....
#.#.###.###.###.###...#
...### ### ### ### ....
...##. ...# .#.#. . ....
..... . .### ####. . ## #


You could see an ogre (unable to see you, very poisoned).

Vanquished Creatures
  Sigmund (D:4)
  Eustachio (D:5)
  A water moccasin (D:5)
  A centaur (D:5)
  An orc priest (D:3)
  A jelly (D:5)
  A gnoll bouda (D:5)
  Ijyb (D:5)
  An iguana (D:5)
  4 adders
  6 gnolls
  2 white imps (D:5)
  An ufetubus (D:5)
  A worm (D:2)
  A dart slug (D:5)
  6 orcs
  5 bats
  3 endoplasms
  A giant cockroach (D:1)
  5 goblins
  4 hobgoblins
  6 jackals
  6 kobolds
  5 quokkas
  4 ball pythons
  3 frilled lizards
  5 rats
77 creatures vanquished.

Vanquished Creatures (others)
  12 plants (D:2)
12 creatures vanquished.

Grand Total: 89 creatures vanquished

Notes
Turn   | Place    | Note
-------+----------+-------------------------------------------
     0 | D:1      | ragingrage the Barachi Warper began the quest for the Orb.
     0 | D:1      | Reached XP level 1. HP: 17/17 MP: 3/3
   140 | D:1      | Reached skill level 3 in Long Blades
   195 | D:1      | Reached XP level 2. HP: 23/23 MP: 5/5
   837 | D:2      | Reached skill level 4 in Long Blades
   871 | D:2      | Learned a level 2 spell: Blink
   892 | D:2      | Reached XP level 3. HP: 28/28 MP: 6/6
  1185 | D:2      | Reached skill level 5 in Long Blades
  1208 | D:2      | Reached XP level 4. HP: 32/34 MP: 7/7
  1699 | D:3      | Found Zuabries's Weapon Shoppe.
  1744 | D:3      | Reached skill level 6 in Long Blades
  1744 | D:3      | Reached XP level 5. HP: 39/39 MP: 8/8
  1753 | D:3      | Learned a level 2 spell: Lesser Beckoning
  1758 | D:3      | Learned a level 4 spell: Manifold Assault
  1855 | D:3      | Reached skill level 1 in Stealth
  2000 | D:3      | Got the Compendium of Unholy Secrets and Creation
  2054 | D:3      | Found a runed translucent gate.
  2054 | D:3      | Found a runed translucent gate.
  2054 | D:3      | Identified the +0 whip of the Moon {flame, Dex+5}
  2054 | D:3      | Identified the +0 ring mail of the Imp {rPois}
  2055 | D:3      | Found a runed translucent gate.
  2055 | D:3      | Noticed mistaj's ghost (amateur VSFi)
  2262 | D:4      | Noticed Blork the orc
  2316 | D:4      | Noticed Sigmund
  2324 | D:4      | Killed Sigmund
  2325 | D:4      | Reached skill level 7 in Long Blades
  2325 | D:4      | Reached XP level 6. HP: 46/46 MP: 9/9
  2400 | D:4      | Noticed an orc warrior
  2506 | D:5      | Entered Level 5 of the Dungeon
  2517 | D:4      | Found Yroucses's Distillery.
  2624 | D:5      | Noticed a water moccasin
  2636 | D:5      | Killed a water moccasin
  2637 | D:5      | Reached skill level 8 in Long Blades
  2637 | D:5      | Reached XP level 7. HP: 43/51 MP: 10/10
  2944 | D:5      | Noticed Ijyb
  2958 | D:5      | Killed Ijyb
  2959 | D:5      | Reached skill level 9 in Long Blades
  3049 | D:5      | Noticed Eustachio
  3066 | D:5      | Killed Eustachio
  3089 | D:5      | Mangled by an ogre

Illustrated notes

Levels and vault maps discovered:
D:1:      elethiomel_arrival_quiet, layout_loops_ring
D:2:      layout_loops_ring, chequers_big_river
D:3:      layout_rooms, biasface_ghost_orc_armoury, serial_shops,
          nicolae_shop_stone
D:4:      layout_cave_pods, mainiacjoe_overflow_alcove_1,
          minmay_temple_entry_glass, serial_shops, nicolae_stop_n_shop_1,
          grunt_ministairs_1, uniq_robin, uniq_blork_the_orc, uniq_menkaure,
          uniq_sigmund, uniq_edmund
D:5:      layout_cave_pools, serial_co_window_serial, co_window_paths_b,
          co_window_corner_a, co_window_corner_a, co_window_of_opportunity_a,
          co_window_corner_a, co_window_of_opportunity_a,
          co_window_of_opportunity_a, co_window_paths_a, co_window_corner_a,
          co_window_broadway_a, co_window_unsneaky_path_e,
          co_window_of_opportunity_c, glass_columns_a, glass_columns_a,
          glass_columns_b, glass_columns_b, glass_columns_a,
          grunt_decor_resistance, nrook_uturn, ebering_dispersal_statue_hall,
          uniq_eustachio, uniq_ijyb

Skill      XL: |  1  2  3  4  5  6  7 |
---------------+----------------------+-----
Long Blades    | 3 4 5 6 7 8 9 |  9.8
Stealth        | 2 3 |  3.0
Fighting       | |  2.4
Throwing       | |  1.0
Armour         | |  1.2
Dodging        | |  2.1
Spellcasting   | |  2.1
Translocations | |  3.2

Action                     |  1- 3 |  4- 6 |  7- 9 || total
---------------------------+-------+-------+-------++-------
  Melee: Falchion          |    28 |       |       ||    28
         Short sword       |    35 |   122 |    54 ||   211
         Punch             |     1 |     1 |     2 ||     4
   Fire: Shortbow          |       |       |     8 ||     8
  Throw: Boomerang         |     3 |       |     2 ||     5
Ability: Hop               |     1 |     3 |     1 ||     5
    Use: Scroll            |       |     6 |       ||     6
         Potion            |       |     2 |     2 ||     4
   Stab: Sleeping          |       |     3 |       ||     3
         Invisible         |       |     2 |     2 ||     4
 Armour: Leather armour    |    16 |    39 |    14 ||    69
  Dodge: Dodged            |    30 |    90 |    18 ||   138

Table legend: (Time is in decaauts)
 A = Elapsed time spent in this place.
 B = Non-inter-level travel time spent in this place.
 C = Inter-level travel time spent in this place.
 D = Time resting spent in this place.
 E = Time spent auto-exploring this place.
 F = Levels seen in this place.
 G = Mean time per level.
                   A        B        C        D        E       F      G
               +--------+--------+--------+--------+--------+-----+--------+
         Total |   3481 |   3263 |    218 |    418 |   1807 |   5 |  696.2 |
       Dungeon |   3481 |   3263 |    218 |    418 |   1807 |   5 |  696.2 |
               +--------+--------+--------+--------+--------+-----+--------+

Top non-repeatable levels by time:
     D:2: 975 daAuts
     D:1: 956 daAuts
     D:3: 782 daAuts
     D:5: 624 daAuts
     D:4: 141 daAuts
